 Dungeon Crawl Stone Soup version 0.21-a0-584-g185da8e (webtiles) character file.

14086 nikopol the Cleaver (level 11, -1/102 HPs)
             Began as a Minotaur Berserker on Dec 20, 2017.
             Was a High Priest of Trog.
             Slain by a crocodile (7 damage)
             ... on level 1 of the Lair of Beasts.
             The game lasted 00:34:46 (11352 turns).

nikopol the Cleaver (Minotaur Berserker)           Turns: 11352, Time: 00:34:47

Health: -1/102     AC: 15    Str: 21    XL:     11   Next: 84%
Magic:  10/10      EV: 13    Int:  4    God:    Trog [*****.]
Gold:   560        SH:  0    Dex: 14    Spells: 10/10 levels left

rFire    . . .     SeeInvis .   a - +0 hand axe
rCold    . . .     Gourm    .   (no shield)
rNeg     . . .     Faith    .   t - +2 scale mail {rPois}
rPois    +         Spirit   .   j - +2 hat
rElec    .         Reflect  .   (no cloak)
rCorr    .         Harm     .   y - +1 pair of gloves
MR       +....                  (no boots)
Stlth    +.........             (no amulet)
HPRegen  0.27/turn              h - ring of protection from magic
MPRegen  0.12/turn              (no ring)

@: lethally poisoned (-1 -> -1), berserk cooldown, slowed, very slow
A: retaliatory headbutt, horns 2
a: Berserk, Trog's Hand, Brothers in Arms, Burn Spellbooks, Renounce Religion


You were on level 1 of the Lair of Beasts.
You worshipped Trog.
Trog was extremely pleased with you.
You were hungry.

You visited 2 branches of the dungeon, and saw 11 of its levels.

You collected 560 gold pieces.

Inventory:

Hand Weapons
 a - a +0 hand axe (weapon)
 z - a +1 shortbow
 E - a +1 flail of protection
 F - a +1 flail of protection
Missiles
 l - 165 arrows
Armour
 j - a +2 hat (worn)
 s - a +0 scale mail of fire resistance
 t - a +2 scale mail of poison resistance (worn)
 y - a +1 pair of gloves (worn)
Jewellery
 h - a ring of protection from magic (left hand)
 A - an uncursed amulet of harm {unknown}
 H - an uncursed ring of see invisible {unknown}
Wands
 b - a wand of flame (78)
 J - a wand of random effects (42)
 K - a wand of acid (2)
 M - a wand of disintegration (16)
Scrolls
 f - 5 scrolls of identify
 i - 2 scrolls of remove curse
 k - 4 scrolls of enchant armour
 m - a scroll of amnesia
 n - 7 scrolls of teleportation
 o - 4 scrolls of blinking
 p - a scroll of noise
 q - a scroll of enchant weapon
 v - 3 scrolls of fog
Potions
 d - 2 potions of curing
 e - 3 potions of invisibility
 g - 4 potions of agility
 u - 5 potions of heal wounds
 w - 4 potions of ambrosia
 x - a potion of magic
 B - a potion of resistance
 C - 2 potions of flight {unknown}
 D - 8 potions of degeneration
 G - a potion of mutation {unknown}
Comestibles
 c - 30 rations


   Skills:
 + Level 11.2 Fighting
 + Level 12.4 Axes
 + Level 9.8 Bows
 + Level 10.5 Armour
 + Level 6.1 Dodging
 + Level 1.9 Stealth


You had 10 spell levels left.
You didn't know any spells.

Dungeon Overview and Level Annotations

Branches:
Dungeon (10/15)            Temple (0/1) D:4            Lair (1/6) D:8
    Orc (0/2) D:9

Altars:
Ashenzari
Dithmenos
Elyvilon
Gozag
Kikubaaqudgha
Makhleb
Nemelex Xobeh
Okawaru
Wu Jian
Xom
Yredelemnul
Zin
The Shining One

Portals:
Labyrinth: Lair:1


Innate Abilities, Weirdness & Mutations

You reflexively headbutt those who attack you in melee.
You have a pair of horns on your head.


Message History

A crocodile comes into view.
You feel sick.
You feel sick.
Your deep troll goes berserk!
You are feeling hungry.
You feel sick.
You feel sick. The crocodile bites your deep troll.
Your deep troll bites the hippogriff!!!
Your deep troll claws the hippogriff!
The hippogriff dies!
Trog accepts your kill.
Your deep troll rages. x2
You feel sick.
Your deep troll bites the crocodile!
Your deep troll claws the crocodile!
Your deep troll claws the crocodile!!
The crocodile dies!
Trog accepts your kill.
Your deep troll rages.
You feel sick.
Your deep troll rages.
The crocodile bites you!
You die...

....##...#..........P# .
...................## t.
#..%.............##
..##..............###
%..#...........#.## ######
........†........# #####.##.#
..............##########.........
.......†.....###.................
.........†..†T.t@................
...##.#+.#.......................
.. #......#............[.........
. ......#.#(.....................
.......(.....†.....(............
..#...⌠.#........................
..#.#...#.((.....................
. #.#....(#....#.................
..(.###.###................


You could see a crocodile and a friendly deep troll (berserk).

Vanquished Creatures
  Gastronok (D:9)
  The ghost of CasualChangeling the Cleaver, a novice MiFi of Uskayaw (D:9)
  3 two-headed ogres
  Nergalle (D:10)
  A black mamba (Lair:1)
  The ghost of Zleub the Skirmisher, a novice DrSk of Okawaru (D:5)
  A gargoyle (D:10)
  2 rime drakes (Lair:1)
  A hornet (D:10)
  2 hippogriffs
  A spriggan (D:10)
  7 yaks
  A hungry ghost (D:9)
  A steam dragon (D:8)
  3 wargs (D:8)
  Duvessa (D:6)
  A porcupine (Lair:1)
  5 water moccasins
  A swamp drake (D:9)
  2 orc warriors (D:9)
  3 sky beasts
  3 ice beasts
  2 black bears (D:8)
  4 ogres
  4 centaurs
  A crocodile (D:10)
  7 bullfrogs
  A gnoll sergeant (D:8)
  A water moccasin zombie (D:7)
  4 scorpions
  Dowan (D:6)
  4 howler monkeys
  4 crimson imps
  2 quasits
  3 centaur skeletons
  A jelly (D:7)
  A gnoll shaman (D:10)
  3 hounds
  7 orc priests
  15 orc wizards
  2 bullfrog skeletons
  Terence (D:3)
  9 worker ants
  An iguana (D:8)
  A killer bee zombie (D:7)
  A worker ant zombie (D:9)
  14 gnolls
  A howler monkey skeleton (D:5)
  17 adders
  3 shadow imps
  3 oozes
  An adder zombie (D:8)
  A dart slug (D:1)
  3 leopard geckos
  50 orcs
  9 bats
  6 giant cockroaches
  2 goblins
  8 hobgoblins
  9 jackals
  3 quokkas
  3 ball pythons
  5 frilled lizards
  A jackal skeleton (D:9)
  A jackal zombie (D:7)
  4 kobolds
  A leopard gecko zombie (D:6)
  2 quokka skeletons (D:6)
  10 rats
  21 plants (D:10)
301 creatures vanquished.

Vanquished Creatures (collateral kills)
  A hippogriff (Lair:1)
  A crocodile (Lair:1)
2 creatures vanquished.

Grand Total: 303 creatures vanquished

Notes
Turn   | Place    | Note
-------+----------+-------------------------------------------
     0 | D:1      | nikopol the Minotaur Berserker began the quest for the Orb.
     0 | D:1      | Reached XP level 1. HP: 19/19 MP: 0/0
   168 | D:1      | Reached XP level 2. HP: 25/27 MP: 1/1
   177 | D:1      | Reached skill level 4 in Axes
   542 | D:2      | Reached XP level 3. HP: 33/33 MP: 2/2
   825 | D:2      | Reached ** piety under Trog
   993 | D:2      | Reached XP level 4. HP: 41/41 MP: 3/3
  1034 | D:2      | Reached skill level 5 in Axes
  1096 | D:2      | Found a white marble altar of Elyvilon.
  1520 | D:3      | Noticed Terence
  1525 | D:3      | Killed Terence
  1580 | D:3      | Found a basalt altar of Yredelemnul.
  1581 | D:3      | Found a shimmering altar of Xom.
  1586 | D:3      | Found a glowing golden altar of the Shining One.
  1587 | D:3      | Found an ornate altar of the Wu Jian Council.
  1587 | D:3      | Found a shattered altar of Ashenzari.
  1588 | D:3      | Found an iron altar of Okawaru.
  1588 | D:3      | Found a sparkling altar of Nemelex Xobeh.
  1589 | D:3      | Found a shadowy altar of Dithmenos.
  1597 | D:3      | Reached XP level 5. HP: 47/47 MP: 4/4
  1671 | D:3      | Reached skill level 6 in Axes
  1683 | D:3      | Reached *** piety under Trog
  2089 | D:4      | Found a staircase to the Ecumenical Temple.
  2100 | D:4      | Reached XP level 6. HP: 55/55 MP: 5/5
  2320 | D:4      | Found a burning altar of Makhleb.
  2413 | D:4      | Reached skill level 5 in Fighting
  2852 | D:5      | Entered Level 5 of the Dungeon
  2852 | D:5      | Noticed a sky beast
  2868 | D:5      | Killed a sky beast
  2868 | D:5      | Reached skill level 7 in Axes
  2950 | D:5      | Noticed Zleub's ghost (novice DrSk)
  2954 | D:5      | Reached XP level 7. HP: 54/61 MP: 6/6
  3359 | D:5      | Killed Zleub's ghost
  3359 | D:5      | Reached skill level 8 in Axes
  3359 | D:5      | Reached skill level 5 in Armour
  3467 | D:5      | Reached XP level 8. HP: 46/70 MP: 7/7
  3791 | D:5      | Reached skill level 1 in Stealth
  3802 | D:5      | Reached **** piety under Trog
  4064 | D:5      | You fall through a shaft!
  4064 | D:6      | Noticed Duvessa
  4064 | D:6      | Noticed Dowan
  4068 | D:6      | Killed Dowan
  4072 | D:6      | Killed Duvessa
  4072 | D:6      | Reached skill level 9 in Axes
  4700 | D:6      | Found an ancient bone altar of Kikubaaqudgha.
  5278 | D:7      | Noticed a two-headed ogre
  5287 | D:7      | Killed a two-headed ogre
  5287 | D:7      | Reached skill level 10 in Axes
  5287 | D:7      | Reached XP level 9. HP: 79/79 MP: 8/8
  5295 | D:7      | Found an opulent altar of Gozag.
  5295 | D:7      | Found a glowing silver altar of Zin.
  5373 | D:7      | Found a white marble altar of Elyvilon.
  6066 | D:8      | Reached skill level 1 in Bows
  6258 | D:8      | Reached ***** piety under Trog
  6693 | D:8      | Reached XP level 10. HP: 71/88 MP: 9/9
  6732 | D:8      | Found a staircase to the Lair.
  7046 | D:8      | Reached skill level 11 in Axes
  7486 | D:8      | Reached skill level 5 in Bows
  7624 | D:9      | Noticed CasualChangeling's ghost (novice MiFi)
  7689 | D:9      | Reached skill level 5 in Dodging
  7923 | D:9      | Noticed a two-headed ogre
  7939 | D:9      | Killed a two-headed ogre
  8187 | D:9      | Noticed Gastronok
  8204 | D:9      | Killed Gastronok
  8204 | D:9      | Reached skill level 10 in Armour
  8204 | D:9      | Reached XP level 11. HP: 99/99 MP: 10/10
  8452 | D:9      | Found a staircase to the Orcish Mines.
  8682 | D:9      | Killed CasualChangeling's ghost
  8870 | D:9      | Received a gift from Trog
  8961 | D:10     | Entered Level 10 of the Dungeon
  8996 | D:10     | Reached skill level 10 in Fighting
  9020 | D:10     | Noticed Nergalle
  9045 | D:10     | Killed Nergalle
  9332 | D:10     | Noticed a two-headed ogre
  9344 | D:10     | Killed a two-headed ogre
  9344 | D:10     | Reached skill level 12 in Axes
  9597 | D:10     | Received a gift from Trog
 11089 | Lair:1   | Entered Level 1 of the Lair of Beasts
 11118 | Lair:1   | Identified a scroll of acquirement
 11336 | Lair:1   | Found a labyrinth entrance.
 11352 | Lair:1   | Slain by a crocodile

Vault maps used:
D:1:      dpeg_arrival_more_subterranean_lakeside_camping,
          minmay_misc_feat_plants
D:2:      elyvilon_altar_5
D:3:      grunt_temple_overflow_open, minmay_misc_feat_tiny, uniq_terence
D:4:      lemuel_round_altar, minmay_temple_entry_glass, first_ration
D:6:      kiku_gazebo_garden_becter, uniq_duvessa
D:7:      grunt_temple_overflow_gold_and_silver, kennysheep_little_box
D:8:      erik_lair_orcish_takeover
D:9:      erik_orc_1, uniq_gastronok
D:10:     wad_woods_structure_01, the_bakery, uniq_nergalle
Lair:1:   lab_entry_generic, lemuel_fruit_fields, grunt_megastairs_1

Skill      XL: |  1  2  3  4  5  6  7  8  9 10 11 |
---------------+----------------------------------+-----
Axes           | 4 5 6 7 8 10 11 12 | 12.4
Fighting       | 4 5 6 7 8 9 11 | 11.2
Armour         | 3 4 5 8 9 10 | 10.5
Dodging        | 3 4 5 6 |  6.1
Stealth        | 1 |  1.9
Bows           | 4 7 9 |  9.8

Action                   |  1- 3 |  4- 6 |  7- 9 | 10-12 || total
-------------------------+-------+-------+-------+-------++-------
Melee: Hand axe          |    93 |   136 |   309 |   600 ||  1138
       Headbutt          |     9 |    22 |    58 |   221 ||   310
 Fire: Shortbow          |       |       |    58 |   216 ||   274
Invok: Berserk           |       |     2 |     5 |     7 ||    14
       Burn Spellbooks   |       |       |     1 |       ||     1
       Brothers in Arms  |       |       |       |     1 ||     1
  Use: Scroll            |       |       |     7 |    11 ||    18
  Eat: Chunk             |       |     8 |    13 |    19 ||    40
       Ration            |       |       |     1 |     1 ||     2
Armor: Scale mail        |    50 |    56 |   116 |   108 ||   330
Dodge: Dodged            |    51 |    96 |   174 |   169 ||   490

Table legend:
 A = Spawn XP
 B = Non-spawn XP
 C = Spawn XP percentage of total XP
 D = Spawn monster count
 E = Non-spawn monster count
 F = Spawn count percentage of total count
 G = Total turns spent on level
                    A         B        C        D         E        F      G
               +---------+---------+-------+---------+---------+-------+---------
         Total |       0 |   20123 |   0.0 |       0 |     282 |   0.0 | 11352
               +---------+---------+-------+---------+---------+-------+---------
           D:1 |       0 |      40 |   0.0 |       0 |      20 |   0.0 |   535
           D:2 |       0 |      84 |   0.0 |       0 |      25 |   0.0 |   857
           D:3 |       0 |     190 |   0.0 |       0 |      26 |   0.0 |   599
           D:4 |       0 |     211 |   0.0 |       0 |      24 |   0.0 |  1173
           D:5 |       0 |    1188 |   0.0 |       0 |      18 |   0.0 |   984
           D:6 |       0 |     737 |   0.0 |       0 |      20 |   0.0 |  1000
           D:7 |       0 |    1709 |   0.0 |       0 |      23 |   0.0 |  1027
           D:8 |       0 |    2201 |   0.0 |       0 |      33 |   0.0 |  1454
           D:9 |       0 |    6551 |   0.0 |       0 |      39 |   0.0 |  1365
          D:10 |       0 |    5038 |   0.0 |       0 |      44 |   0.0 |  2095
        Lair:1 |       0 |    2174 |   0.0 |       0 |      10 |   0.0 |   263
               +---------+---------+-------+---------+---------+-------+---------
